 Dungeon Crawl Stone Soup version 0.28.0-53-g5a82cb258f (webtiles) character file.

Game seed: 1422318130623293468

483 Ijustatesigmund the Digger (level 7, -2/64 HPs)
             Began as an Octopode Earth Elementalist on July 19, 2022.
             Slain by a vampire mosquito (9 damage)
             ... on level 4 of the Dungeon.
             The game lasted 00:13:09 (5297 turns).

Ijustatesigmund the Digger (OpEE)                   Turns: 5297, Time: 00:13:10

Health: -2/64      AC: 23    Str: 15    XL:     7   Next: 12%
Magic:  0/10       EV:  2    Int: 19    God:
Gold:   168        SH:  0    Dex: 11    Spells: 5/11 levels left

rFire   . . .      SeeInvis .   c - +0 rapier
rCold   + . .      Faith    .   (no shield)
rNeg    . . .      Spirit   .   (helmet currently unavailable)
rPois   +          Reflect  .   k - amulet of the acrobat
rElec   .          Harm     .   e - +6 ring of strength
rCorr   .          Rampage  .   l - ring of protection from cold
Will    .....      NoTele   +   (no ring)
Stlth   ++........              (no ring)
HPRegen 0.20/turn               (no ring)
MPRegen 0.12/turn               (no ring)
                                (no ring)
                                (no ring)

@: tree-form (expiring)
A: stationary, stasis, torment immunity, boosted hp, almost no armour,
(amphibious), 8 rings, (camouflage 1), (gelatinous body 1), (nimble swimmer 1),
(tentacles), clumsy 1, strong 1
a: no special abilities


You were on level 4 of the Dungeon.
You were a tree.
You visited 1 branch of the dungeon, and saw 5 of its levels.

You collected 168 gold pieces.

Inventory:

Hand Weapons
 c - a +0 rapier (weapon)
Missiles
 b - 144 stones
Magical Staves
 i - a staff of cold
Jewellery
 e - a +6 ring of strength (left branch)
 k - an amulet of the acrobat (around neck)
 l - a ring of protection from cold (right branch)
Wands
 q - a wand of iceblast (10)
Scrolls
 d - a scroll of holy word
 f - a scroll of magic mapping
 g - 3 scrolls of fog
 h - a scroll of immolation
Potions
 j - a potion of resistance
 m - a potion of lignification


   Skills:
 + Level 1.3 Fighting
 + Level 2.6 Dodging
 - Level 2.6 Stealth
 + Level 2.5 Spellcasting
 + Level 3.2 Conjurations
 + Level 4.1 Transmutations
 + Level 4.7 Earth Magic


You had 5 spell levels left.
You knew the following spells:

 Your Spells              Type           Power      Damage    Failure   Level
a - Sandblast             Erth           40%        2d10      2%          1
b - Stone Arrow           Conj/Erth      34%        3d9       10%         3
c - Passwall              Tmut/Erth      15%        N/A       4%          2

Your spell library contained the following spells:

 Spells                   Type           Power      Damage    Failure   Level
 Summon Small Mammal      Summ           8%         N/A       16%         1
 Petrify                  Tmut/Erth      19%        N/A       26%         4
 Call Canine Familiar     Summ           2%         N/A       43%         3
 Summon Guardian Golem    Hex/Summ       2%         N/A       43%         3


Dungeon Overview and Level Annotations

Branches:
Dungeon (5/15)             Temple (0/1) D:4

Altars:
Zin

Shops:
D:1 *   D:2 :(=:


Innate Abilities, Weirdness & Mutations

You are a tree.
Your roots penetrate the ground, keeping you stationary.
You cannot be teleported.
You are immune to unholy pain and torment.
Your maximum health is greatly increased.
You cannot wear most types of armour.
((You are amphibious.))
You can wear up to eight rings at the same time.
((Your skin changes colour to match your surroundings (Stealth+).))
((Your rubbery body absorbs attacks. (AC +1, EV +1)))
((You are camouflaged when in or above water. (Stealth+)))
((You have tentacles for arms and can constrict up to eight enemies at once.))
You are clumsy. (Dex -2)
Your muscles are strong. (Str +2)


Message History

The vampire mosquito draws strength from your injuries!
The vampire mosquito bites you!
* * * LOW HITPOINT WARNING * * *
The vampire mosquito draws strength from your injuries!
You feel better.
The vampire mosquito bites you but does no damage.
The vampire mosquito bites you.
* * * LOW HITPOINT WARNING * * *
The vampire mosquito draws strength from your injuries!
Casting: Stone Arrow (dangerous; 10% risk of failure)
Confirm with . or Enter, or press ? or * to list all spells.
Aiming: Sandblast (safe; 2% risk of failure)
Press: ? - help, Shift-Dir - straight line, f/p - vampire mosquito
Aim: a vampire mosquito (68% to hit)
The blast of sand hits the vampire mosquito.
The vampire mosquito is moderately damaged.
The vampire mosquito bites you but does no damage. x2
Casting: Sandblast (safe; 2% risk of failure)
Confirm with . or Enter, or press ? or * to list all spells.
Aiming: Sandblast (safe; 2% risk of failure)
Press: ? - help, Shift-Dir - straight line, f/p - vampire mosquito
Aim: a vampire mosquito (moderately damaged, 68% to hit)
The blast of sand hits the vampire mosquito!
The vampire mosquito is severely damaged.
The vampire mosquito bites you but does no damage. x2
Casting: Sandblast (safe; 2% risk of failure)
Confirm with . or Enter, or press ? or * to list all spells.
Aiming: Sandblast (safe; 2% risk of failure)
Press: ? - help, Shift-Dir - straight line, f/p - vampire mosquito
Aim: a vampire mosquito (severely damaged, 68% to hit)
The blast of sand misses the vampire mosquito.
The vampire mosquito bites you but does no damage. x2
Casting: Sandblast (safe; 2% risk of failure)
Confirm with . or Enter, or press ? or * to list all spells.
You don't have enough magic to cast this spell.
Okay, then.
You hit the vampire mosquito but do no damage.
The vampire mosquito is severely damaged.
The vampire mosquito bites you!
You die...

#.##...#..........##
#.###..#...........#
#..................#
####..#............#
##.###...........#
#..# ##..........#
##.## ###.......##
#y###### #########
##.♣...>##
###........#
##..........#
##).........##
#(..........#
##.........##
#......#### ########


You could see a vampire mosquito.

Vanquished Creatures
  Sigmund (D:2)
  A black bear (D:3)
  3 jellies (D:4)
  A hound skeleton (D:4)
  3 adders
  4 worms
  A dart slug (D:3)
  2 orcs
  8 ball pythons
  3 bats
  18 endoplasms
  A giant cockroach (D:3)
  10 goblins
  5 hobgoblins
  4 jackals (D:1)
  7 quokkas
  3 frilled lizards
  14 kobolds
  4 rats
93 creatures vanquished.

Vanquished Creatures (others)
  5 fungi (D:4)
  8 plants (D:3)
  7 toadstools (D:4)
20 creatures vanquished.

Grand Total: 113 creatures vanquished

Notes
Turn   | Place    | Note
-------+----------+-------------------------------------------
     0 | D:1      | Ijustatesigmund the Octopode Earth Elementalist began the
                  | quest for the Orb.
     0 | D:1      | Reached XP level 1. HP: 11/11 MP: 3/3
   152 | D:1      | Found a faded altar of an unknown god.
   154 | D:1      | Reached XP level 2. HP: 17/17 MP: 3/5
   442 | D:1      | Found Gos Xaypp's General Store.
   486 | D:1      | Reached XP level 3. HP: 21/21 MP: 6/6
   490 | D:1      | Learned a level 3 spell: Stone Arrow
   493 | D:1      | Learned a level 2 spell: Passwall
  1338 | D:2      | Found Ithyj's Book Shop.
  1341 | D:2      | Found a glowing silver altar of Zin.
  1360 | D:2      | Found Wequps's Antique Weapon Shoppe.
  1365 | D:2      | Reached skill level 1 in Conjurations
  1394 | D:2      | Reached XP level 4. HP: 27/27 MP: 5/7
  1430 | D:2      | Found Keptarruab's Book Shoppe.
  1607 | D:2      | Found Cesag's Jewellery Shop.
  1903 | D:2      | Noticed Sigmund
  1935 | D:2      | Killed Sigmund
  1936 | D:2      | Reached XP level 5. HP: 4/31 MP: 0/8
  2584 | D:3      | Reached XP level 6. HP: 36/36 MP: 5/9
  2742 | D:3      | Noticed a black bear
  2755 | D:3      | Killed a black bear
  3982 | D:4      | Found a staircase to the Ecumenical Temple.
  4341 | D:4      | Reached skill level 1 in Fighting
  4551 | D:4      | Reached XP level 7. HP: 28/43 MP: 0/10
  5265 | D:5      | Entered Level 5 of the Dungeon
  5266 | D:5      | Noticed a vampire mosquito
  5267 | D:5      | Noticed a vampire mosquito
  5267 | D:5      | Noticed a vampire mosquito
  5288 | D:4      | Gained mutation: You possess an exceptional clarity of
                  | mind. [potion of mutation]
  5288 | D:4      | Lost mutation: You possess an exceptional clarity of mind.
                  | [potion of mutation]
  5288 | D:4      | Gained mutation: You are clumsy. (Dex -2) [potion of
                  | mutation]
  5288 | D:4      | Gained mutation: Your muscles are strong. (Str +2) [potion
                  | of mutation]
  5297 | D:4      | Slain by a vampire mosquito

Illustrated notes

Levels and vault maps discovered:
D:1:      dpeg_arrival_morbid_curiosity, layout_rooms,
          ebering_ecumenical_altar_abandoned, serial_shops, nicolae_shop_stone
D:2:      layout_basic, serial_shops, nicolae_shop_waterfront, shop, shop, shop,
          basic_altar, uniq_sigmund
D:3:      layout_loops_corners, minmay_misc_feat_nine_boxes,
          guppyfry_early_lair_pool
D:4:      cheibrodos_fertilizer, layout_cave_pods, minmay_temple_entry_arrows,
          minmay_ruptured
D:5:      layout_cave_pools, mainiacjoe_overflow_alcove_4,
          grunt_decor_one_mirror, uniq_crazy_yiuf_cottage, uniq_eustachio

Skill      XL: |  1  2  3  4  5  6 |
---------------+-------------------+-----
Transmutations | 2 3 4 |  4.1
Conjurations   | 1 2 3 |  3.2
Earth Magic    | 4 |  4.7
Fighting       | 1 |  1.3
Dodging        | |  2.6
Stealth        | |  2.6
Spellcasting   | |  2.5

Action                   |  1- 3 |  4- 6 |  7- 9 || total
-------------------------+-------+-------+-------++-------
Melee: Unarmed           |    21 |       |       ||    21
       Tentacles         |     7 |     4 |       ||    11
       Constrict         |     6 |     8 |       ||    14
       Short sword       |    16 |    30 |     2 ||    48
       Punch             |     1 |     1 |     1 ||     3
       Rapier            |       |       |     8 ||     8
 Cast: Sandblast         |    34 |    22 |     8 ||    64
       Stone Arrow       |       |    21 |     5 ||    26
Evoke: Wand              |       |       |     1 ||     1
  Use: Scroll            |       |     9 |     1 ||    10
       Potion            |       |     1 |     9 ||    10
 Stab: Sleeping          |     6 |     5 |       ||    11
Armor: Skin              |     1 |     1 |    21 ||    23
Dodge: Dodged            |    28 |    11 |     8 ||    47
